 Dungeon Crawl Stone Soup version 0.30-a0-808-g6e0788376e (webtiles) character file.

Game seed: 7708797365090609274

158 Darius099 the Chopper (level 5, 0/46 HPs)
             Began as a Minotaur Fighter on Feb 27, 2023.
             Slain by a gnoll
             ... wielding a +0 halberd
              (12 damage)
             ... on level 2 of the Dungeon.
             The game lasted 00:06:46 (862 turns).

Darius099 the Chopper (Minotaur Fighter)             Turns: 862, Time: 00:06:47

Health: 0/46       AC: 11    Str: 23    XL:     5   Next: 16%
Magic:  4/4        EV:  7    Int:  5    God:
Gold:   62         SH:  4    Dex:  9    Spells: 4/4 levels left

rFire   + . .      SeeInvis .    a - +0 war axe
rCold   . . .      Faith    .    c - +0 buckler
rNeg    . . .      Spirit   .    m - +0 chain mail
rPois   .          Reflect  .    (helmet restricted)
rElec   .          Harm     .    s - +0 cloak
rCorr   .          Rampage  .    (no gloves)
Will    .....                    g - +0 pair of boots Stlth
                                 (no amulet)
HPRegen 0.27/turn                i - ring of flight
MPRegen 0.09/turn                b - ring of protection from fire

@: flying
A: horns 2, retaliatory headbutt
a: no special abilities


You were on level 2 of the Dungeon.
You visited 1 branch of the dungeon, and saw 2 of its levels.

You collected 62 gold pieces.

Inventory:

Hand Weapons
 a - a +0 war axe (weapon)
Missiles
 h - 26 stones (quivered)
Armour
 c - a +0 buckler (worn)
 g - a +0 pair of boots (worn)
 m - a +0 chain mail (worn)
 s - a +0 cloak (worn)
Jewellery
 b - a ring of protection from fire (right hand)
 i - a ring of flight (left hand)
 o - a ring of see invisible
Scrolls
 f - a scroll of immolation {unknown}
 l - a scroll of amnesia {unknown}
 p - a scroll of enchant weapon {unknown}
 q - a scroll of noise {unknown}
 r - a scroll of teleportation {unknown}
Potions
 d - a potion of might
 e - a potion of curing {unknown}
 j - a potion of flight {unknown}
 k - 2 potions of lignification {unknown}
 n - a potion of invisibility {unknown}


   Skills:
 - Level 3.7 Fighting
 + Level 6.4 Axes
 - Level 3.7 Armour
 - Level 3.7 Shields


You had 4 spell levels left.
You didn't know any spells.
Your spell library contained the following spells:

 Spells                   Type           Power      Damage    Failure   Level
 Kiss of Death            Conj/Necr      0%         2d5       99%         1
 Confusing Touch          Hex            0%         N/A       100%        3
 Dispel Undead            Necr           0%         3d6       100%        4


Dungeon Overview and Level Annotations

Branches:
Dungeon (2/15)

Altars:


Innate Abilities, Weirdness & Mutations

You have a pair of horns on your head.
You reflexively headbutt those who attack you in melee.


Message History

A goblin comes into view. It is wielding a +0 club.
The goblin shouts!
The gnoll barely misses you.
The goblin moves out of view.
A kobold comes into view. It is wielding a +0 club.
The kobold shouts!
You see here a +0 dagger.
The gnoll hits you with a +0 halberd. The gnoll barely misses you.
The gnoll hits you from afar with a +0 halberd.
The gnoll attacks as you move away! The gnoll barely misses you.
The jackal attacks as you move away!
The jackal bites you but does no damage.
The gnoll hits you but does no damage. You block the gnoll's attack.
The gnoll barely misses you. You block the jackal's attack.
You closely miss the gnoll. You slash the jackal!
You kill the jackal!
The gnoll hits you from afar with a +0 halberd!
The gnoll hits you with a +0 spear.
You slash the gnoll!
The gnoll is almost dead.
You closely miss the jackal. The jackal bites you.
The gnoll hits you but does no damage. You block the gnoll's attack.
The jackal bites you but does no damage.
The gnoll attacks as you move away! The gnoll barely misses you.
You block the gnoll's attack.
You slash the jackal!
You kill the jackal!
The gnoll hits you from afar with a +0 spear.
The gnoll hits you but does no damage.
You closely miss the goblin. The gnoll hits you but does no damage.
The goblin hits you but does no damage.
You completely miss the goblin. The gnoll hits you but does no damage.
The goblin hits you but does no damage.
You closely miss the goblin. You headbutt the goblin.
You kill the goblin!
The gnoll hits you from afar with a +0 spear.
The gnoll hits you from afar with a +0 halberd.
The gnoll hits you with a +0 spear.
* * * LOW HITPOINT WARNING * * *
The gnoll hits you with a +0 halberd!
You die...

######.......#
..............### ###
#.#..............
....##...........h....
#.#.#...#.......h...#
## #.#.#.....#.... ...
<# ##.#.#.#.. #..h##.#
.# #......#.#####gK).#
.###..#.#.#...#.@g##.#
.##...........#.### .#
..........#.....####.#
###...#.###..........#
#...................
#..##.####...##.###.
###..##.# #.### .# .
........# #.# .#
..†..#### #.# #


You could see 2 gnolls, a jackal and a kobold.

Vanquished Creatures
  Jessica (D:2)
  Natasha (thrice) (D:2)
  An adder (D:2)
  2 worms (D:2)
  2 dart slugs
  4 ball pythons (D:1)
  6 bats
  3 endoplasms
  2 goblins
  5 hobgoblins
  2 jackals (D:2)
  A quokka (D:1)
  2 frilled lizards (D:1)
  3 kobolds (D:1)
  2 rats (D:2)
39 creatures vanquished.

Notes
Turn   | Place    | Note
-------+----------+-------------------------------------------
     0 | D:1      | Darius099 the Minotaur Fighter began the quest for the Orb.
     0 | D:1      | Reached XP level 1. HP: 19/19 MP: 0/0
   105 | D:1      | Reached skill level 3 in Axes
   105 | D:1      | Reached XP level 2. HP: 27/27 MP: 1/1
   407 | D:1      | Reached skill level 4 in Axes
   576 | D:2      | Reached XP level 3. HP: 33/33 MP: 2/2
   647 | D:2      | Noticed Jessica
   647 | D:2      | Noticed Natasha
   652 | D:2      | Killed Natasha
   653 | D:2      | Reached skill level 5 in Axes
   653 | D:2      | Killed Jessica
   654 | D:2      | Reached XP level 4. HP: 40/40 MP: 3/3
   725 | D:2      | Noticed Natasha
   728 | D:2      | Killed Natasha
   729 | D:2      | Reached skill level 6 in Axes
   785 | D:2      | Noticed Natasha
   790 | D:2      | Killed Natasha
   791 | D:2      | Reached XP level 5. HP: 40/46 MP: 4/4
   862 | D:2      | Slain by a gnoll

Illustrated notes

Levels and vault maps discovered:
D:1:      lightli_molten_gateway, layout_basic
D:2:      layout_loops_ring, minmay_misc_feat_x, uniq_natasha, uniq_jessica,
          uniq_sigmund

Skill      XL: |  1  2  3  4 |
---------------+-------------+-----
Axes           | 3 4 5 6 |  6.4
Fighting       | |  3.7
Armour         | |  3.7
Shields        | |  3.7

Action                     |  1- 3 |  4- 6 || total
---------------------------+-------+-------++-------
  Melee: War axe           |    62 |    22 ||    84
         Headbutt          |     3 |     6 ||     9
 Armour: Scale mail        |    21 |       ||    21
         Chain mail        |    22 |    16 ||    38
  Dodge: Dodged            |    29 |    11 ||    40
  Block: Buckler           |    23 |     5 ||    28

Table legend: (Time is in decaauts)
 A = Elapsed time spent in this place.
 B = Non-inter-level travel time spent in this place.
 C = Inter-level travel time spent in this place.
 D = Time resting spent in this place.
 E = Time spent auto-exploring this place.
 F = Levels seen in this place.
 G = Mean time per level.
                   A        B        C        D        E       F      G
               +--------+--------+--------+--------+--------+-----+--------+
         Total |    897 |    880 |     17 |      0 |    578 |   2 |  448.5 |
       Dungeon |    897 |    880 |     17 |      0 |    578 |   2 |  448.5 |
               +--------+--------+--------+--------+--------+-----+--------+

Top non-repeatable levels by time:
     D:1: 548 daAuts
     D:2: 348 daAuts
